 Dungeon Crawl Stone Soup version 0.28.0-53-g5a82cb258f (webtiles) character file.

Game seed: 16884646109924479544

35 LustLizard the Chiller (level 3, 0/26 HPs)
             Began as a Human Ice Elementalist on Aug 4, 2022.
             Slain by a gnoll
             ... wielding a +0 spear
              (7 damage)
             ... on level 2 of the Dungeon.
             The game lasted 00:04:51 (1704 turns).

LustLizard the Chiller (Human Ice Elementalist)     Turns: 1704, Time: 00:04:52

Health: 0/26       AC:  2    Str:  8    XL:     3   Next: 55%
Magic:  5/6        EV:  6    Int: 17    God:
Gold:   54         SH:  0    Dex: 13    Spells: 0/6 levels left

rFire   . . .      SeeInvis .   h - +2 mace (drain)
rCold   . . .      Faith    .   (no shield)
rNeg    . . .      Spirit   .   a - +0 robe
rPois   .          Reflect  .   (no helmet)
rElec   .          Harm     .   (no cloak)
rCorr   .          Rampage  .   (no gloves)
Will    .....                   (no boots)
Stlth   ++........              (no amulet)
HPRegen 0.08/turn               (no ring)
MPRegen 0.10/turn               (no ring)

@: held
A: no striking features
a: no special abilities


You were on level 2 of the Dungeon.
You visited 1 branch of the dungeon, and saw 2 of its levels.

You collected 54 gold pieces.

Inventory:

Hand Weapons
 c - a +0 dagger
 g - a +0 short sword of draining
 h - a +2 mace of draining (weapon)
Armour
 a - a +0 robe (worn)
Scrolls
 f - a scroll of identify {unknown}
Potions
 b - 2 potions of curing {unknown}
 d - a potion of brilliance {unknown}
 e - a potion of cancellation {unknown}


   Skills:
 + Level 1.0 Fighting
 - Level 2.0 Dodging
 + Level 2.4 Stealth
 + Level 2.3 Spellcasting
 * Level 0.2 Translocations
 * Level 4.4 Ice Magic


You couldn't memorise any spells.
You knew the following spells:

 Your Spells              Type           Power      Damage    Failure   Level
a - Freeze                Ice            68%        1d8       3%          1
b - Blink                 Tloc           4%         N/A       26%         2
c - Frozen Ramparts       Ice            34%        1d5       9%          3

Your spell library contained the following spells:

 Spells                   Type           Power      Damage    Failure   Level
 Ozocubu's Armour         Ice            17%        N/A       9%          3
 Hailstorm                Conj/Ice       9%         3d4       58%         4
 Manifold Assault         Tloc           2%         N/A       99%         5
 Storm Form               Tmut/Air       0%         N/A       100%        7


Dungeon Overview and Level Annotations

Branches:
Dungeon (2/15)

Altars:

Annotations:
D:2 1 runed translucent door, Crazy Yiuf


Message History

You see here a +0 mace.
You see here a +0 mace.
You see here a +0 mace.
You see here a +0 mace.
You see here a +1 mace of holy wrath.
You see here a +0 mace.
You see here a +2 mace of draining.
h - a +2 mace of draining You sense an unholy aura.
h - a +2 mace of draining (weapon)
You see here a +0 mace.
You see here a +0 mace.
You see here a +0 mace.
A gnoll comes into view. It is wielding a +0 spear.
A gnoll comes into view. It is wielding a +0 spear.
The gnoll shouts!
You hear a shout!
The gnoll hits you with a +0 spear.
Casting: Freeze (safe; 3% risk of failure)
Confirm with . or Enter, or press ? or * to list all spells.
Aiming: Freeze (safe; 3% risk of failure)
Press: ? - help, Shift-Dir - straight line, f - gnoll
Aim: a gnoll, wielding a +0 spear and quivering a throwing net You freeze the gnoll.
The gnoll is moderately wounded.
The gnoll hits you with a +0 spear.
A gnoll comes into view. It is wielding a +0 club.
Unknown command.
Unknown command.
The gnoll throws a throwing net.
The throwing net hits you.
You become entangled in the net!
You see here a throwing net.
You struggle against the net.
The gnoll hits you from afar with a +0 spear.
You struggle against the net.
The gnoll hits you from afar with a +0 spear.
You struggle against the net.
The gnoll hits you from afar with a +0 spear.
* * * LOW HITPOINT WARNING * * *
The gnoll hits you from afar with a +0 spear!
You die...

#).)# #.# #)))#
... # ))) # #.# #
#+# #.... # ♣)♣♣
#.#.#### # ♣♣)♣
#......# # # ♣)♣♣
#.#.##.##.###. #
♣♣)♣
#............. #
♣♣)♣♣
#.#.##@##.###.. #
♣♣)))♣
#.#.##..g...... #
♣))))♣
#...##g##.###.. #
#))))# #.#.##.# ..
####))))###.#.##.#
##
....).........##.#
..........#.####..
......#.###.# #.#
......#.# #.# #.


You could see 2 gnolls.

Vanquished Creatures
  A gnoll (D:1)
  A worm (D:2)
  A dart slug (D:1)
  2 ball pythons (D:1)
  2 endoplasms (D:1)
  A giant cockroach (D:1)
  A hobgoblin (D:1)
  3 kobolds
  A quokka (D:1)
  A bat (D:1)
  2 frilled lizards
  2 goblins
  5 rats
23 creatures vanquished.

Notes
Turn   | Place    | Note
-------+----------+-------------------------------------------
     0 | D:1      | LustLizard the Human Ice Elementalist began the quest for
                  | the Orb.
     0 | D:1      | Reached XP level 1. HP: 13/13 MP: 3/3
   539 | D:1      | Reached XP level 2. HP: 20/20 MP: 3/5
   734 | D:1      | Reached XP level 3. HP: 25/25 MP: 1/6
  1145 | D:1      | Learned a level 2 spell: Blink
  1149 | D:1      | Learned a level 3 spell: Frozen Ramparts
  1396 | D:2      | Reached skill level 1 in Fighting
  1667 | D:2      | Found a runed translucent door.
  1668 | D:2      | Noticed Crazy Yiuf
  1704 | D:2      | Slain by a gnoll

Illustrated notes

Levels and vault maps discovered:
D:1:      grunt_arrival_crossed_arrows, layout_basic, minmay_cupped
D:2:      layout_basic, serial_glass, glass_columns_b, glass_columns_a,
          glass_columns_b, glass_columns_b, glass_columns_b, glass_columns_b,
          uniq_terence, uniq_crazy_yiuf_cottage

Skill      XL: |  1  2  3 |
---------------+----------+-----
Fighting       | 1 |  1.0
Dodging        | |  2.0
Stealth        | |  2.4
Spellcasting   | |  2.3
Translocations | |  0.2
Ice Magic      | |  4.4

Action                   || total
-------------------------++-------
Melee: Unarmed           ||     9
       Dagger            ||     4
       Punch             ||     1
 Cast: Freeze            ||    39
Armor: Robe              ||     3
Dodge: Dodged            ||    21
